 Dungeon Crawl Stone Soup version 0.29-a0-103-g37f86683bf (webtiles) character file.

Game seed: 14998701057827636796

70 KennyOmg the Chopper (level 4, -2/61 HPs)
             Began as a Minotaur Berserker on Feb 16, 2022.
             Was a Follower of Trog.
             Killed from afar by an orc wizard (5 damage)
             ... with a puff of flame
             ... on level 2 of the Dungeon.
             The game lasted 00:01:46 (1120 turns).

KennyOmg the Chopper (Minotaur Berserker)           Turns: 1120, Time: 00:01:46

Health: -2/61      AC:  2    Str: 22    XL:     4   Next: 4%
Magic:  3/3        EV: 12    Int:  6    God:    Trog [*.....]
Gold:   73         SH:  0    Dex:  9    Spells: 3/3 levels left

rFire   . . .      SeeInvis .   a - +0 hand axe
rCold   . . .      Faith    .   (no shield)
rNeg    . . .      Spirit   .   b - +0 animal skin
rPois   .          Reflect  .   (helmet restricted)
rElec   .          Harm     .   (no cloak)
rCorr   .          Rampage  .   (no gloves)
Will    .....                   (no boots)
Stlth   ..........              (no amulet)
HPRegen 0.20/turn               (no ring)
MPRegen 0.08/turn               (no ring)

@: berserking (expiring), very quick
A: horns 2, retaliatory headbutt
a: Renounce Religion, Berserk


You were on level 2 of the Dungeon.
You worshipped Trog.
Trog was aware of your devotion.
You visited 1 branch of the dungeon, and saw 2 of its levels.

You collected 73 gold pieces.

Inventory:

Hand Weapons
 a - a +0 hand axe (weapon)
Missiles
 g - a throwing net (quivered) {!f}
Armour
 b - a +0 animal skin (worn)
Scrolls
 c - a scroll of teleportation {unknown}
 d - a scroll of noise {unknown}
 i - a scroll of brand weapon {unknown}
 k - a scroll of fog {unknown}
Potions
 e - a potion of mutation {unknown}
 f - a potion of lignification {unknown}
 h - a potion of might {unknown}
 j - a potion of curing {unknown}
 l - a potion of haste {unknown}


   Skills:
 + Level 4.5 Fighting
 * Level 5.3 Axes
 - Level 2.4 Armour
 - Level 2.1 Dodging


You had 3 spell levels left.
You didn't know any spells.
Your spell library was empty.

Dungeon Overview and Level Annotations

Branches:
Dungeon (2/15)

Altars:


Innate Abilities, Weirdness & Mutations

You have a pair of horns on your head.
You reflexively headbutt those who attack you in melee.


Message History

The orc wizard shouts!
Things that are here:
a +0 whip; a +0 leather armour; an orc corpse You hit the orc priest.
The orc priest hits you with a +2 hand axe of electrocution.
* * * LOW HITPOINT WARNING * * *
You hit the orc priest.
The orc priest hits you with a +2 hand axe of electrocution.
* * * LOW HITPOINT WARNING * * *
The orc wizard casts a spell.
The orc wizard flickers and vanishes!
Deactivating autopickup; reactivate with Ctrl-A.
A red film seems to cover your vision as you go berserk!
You feel yourself moving faster!
You feel mighty! The orc priest completely misses you. You furiously retaliate!
You headbutt the orc priest!
You kill the orc priest!
Trog accepts your kill.
Your Axes skill increases to level 5!
You have reached level 4!
You feel stronger.
You completely miss the hobgoblin. You headbutt the hobgoblin.
You kill the hobgoblin!
Trog accepts your kill.
Things that are here:
a scroll labelled YTASEU DIRCHUA; a +2 hand axe of electrocution; a hobgoblin corpse Unknown command.
You feel a strong urge to attack something.
Something hits you.
* * * LOW HITPOINT WARNING * * *
You closely miss something. You closely miss something. Something hits you.
* * * LOW HITPOINT WARNING * * *
You closely miss something. You headbutt something! Something hits you.
* * * LOW HITPOINT WARNING * * *
You miss something. You completely miss something. Something hits you.
* * * LOW HITPOINT WARNING * * *
You closely miss something. Something hits you.
* * * LOW HITPOINT WARNING * * *
You barely miss something. You closely miss something.
You hear some strange, mumbled words.
A puff of flame appears from out of thin air!
The puff of flame hits you.
You die...

#............#
..<#.......###
#..........####
#.............#
##<##....#.#######
#.##....#.......#
........#######)#
#.#.....# #?#
.....#### #@# ##.
#######{##
.........#
######...#
..#........###..#
....8...8..##..#
..g........$#..#
..........o#..#
........o.$#.##


There were no monsters in sight!

Vanquished Creatures
  An orc priest (D:2)
  An adder (D:2)
  A worm (D:2)
  A dart slug (D:1)
  An orc (D:2)
  2 endoplasms (D:1)
  A giant cockroach (D:1)
  3 goblins (D:1)
  6 hobgoblins
  2 kobolds (D:1)
  A quokka (D:1)
  A ball python (D:1)
  4 frilled lizards
  A rat (D:2)
26 creatures vanquished.

Notes
Turn   | Place    | Note
-------+----------+-------------------------------------------
     0 | D:1      | KennyOmg the Minotaur Berserker began the quest for the
                  | Orb.
     0 | D:1      | Reached XP level 1. HP: 19/19 MP: 0/0
    69 | D:1      | Reached skill level 4 in Axes
   161 | D:1      | Reached XP level 2. HP: 27/27 MP: 1/1
  1041 | D:2      | Reached XP level 3. HP: 12/33 MP: 2/2
  1110 | D:2      | Reached skill level 5 in Axes
  1110 | D:2      | Reached XP level 4. HP: 15/41 MP: 3/3
  1118 | D:2      | HP: 3/61 [something (3)]
  1120 | D:2      | Killed from afar by an orc wizard

Illustrated notes

Levels and vault maps discovered:
D:1:      dpeg_arrival_boxorama, layout_rooms
D:2:      cheibrodos_pilgrimage, layout_basic,
          wander_ebering_terrifying_dragon_lair, uniq_robin, uniq_terence

Skill      XL: |  1  2  3 |
---------------+----------+-----
Axes           | 4 5 |  5.3
Fighting       | 4 |  4.5
Armour         | |  2.4
Dodging        | |  2.1

Action                   |  1- 3 |  4- 6 || total
-------------------------+-------+-------++-------
Melee: Hand axe          |    40 |     9 ||    49
       Headbutt          |     5 |     2 ||     7
Invok: Berserk           |     2 |       ||     2
Armor: Animal skin       |     6 |       ||     6
Dodge: Dodged            |    21 |       ||    21

Table legend: (Time is in decaauts)
 A = Elapsed time spent in this place.
 B = Non-inter-level travel time spent in this place.
 C = Inter-level travel time spent in this place.
 D = Time resting spent in this place.
 E = Time spent auto-exploring this place.
 F = Levels seen in this place.
 G = Mean time per level.
                   A        B        C        D        E       F      G
               +--------+--------+--------+--------+--------+-----+--------+
         Total |   1128 |   1083 |     45 |    380 |    504 |   2 |  564.0 |
       Dungeon |   1128 |   1083 |     45 |    380 |    504 |   2 |  564.0 |
               +--------+--------+--------+--------+--------+-----+--------+

Top non-repeatable levels by time:
     D:1: 928 daAuts
     D:2: 200 daAuts
